 Dungeon Crawl Stone Soup version 0.28.0 (webtiles) character file.

Game seed: 1877666478075154073

191 boopmooplesden the Covered (level 5, -1/47 HPs)
             Began as a Minotaur Fighter on Feb 9, 2022.
             Slain by Edmund (7 damage)
             ... on level 4 of the Dungeon.
             The game lasted 00:04:18 (3054 turns).

boopmooplesden the Covered (Minotaur Fighter)       Turns: 3054, Time: 00:04:19

Health: -1/47      AC:  7    Str: 20    XL:     5   Next: 41%
Magic:  4/4        EV:  9    Int:  5    God:
Gold:   168        SH:  5    Dex: 12    Spells: 4/4 levels left

rFire   . . .      SeeInvis .   a - +1 long sword
rCold   . . .      Faith    .   c - +0 buckler
rNeg    . . .      Spirit   .   b - +0 scale mail
rPois   .          Reflect  .   (helmet restricted)
rElec   .          Harm     .   (no cloak)
rCorr   .          Rampage  .   (no gloves)
Will    .....                   (no boots)
Stlth   ..........              (no amulet)
HPRegen 0.15/turn               (no ring)
MPRegen 0.09/turn               (no ring)

@: no status effects
A: horns 2, retaliatory headbutt
a: no special abilities


You were on level 4 of the Dungeon.
You visited 1 branch of the dungeon, and saw 4 of its levels.

You collected 168 gold pieces.

Inventory:

Hand Weapons
 a - a +1 long sword (weapon)
Armour
 b - a +0 scale mail (worn)
 c - a +0 buckler (worn)
 j - a +2 pair of boots of rampaging
 p - a +0 pair of boots
Jewellery
 f - a ring of fire
 g - a ring of magical power
Wands
 n - a wand of paralysis (6)
Potions
 d - 2 potions of might
 e - 4 potions of curing
 h - a potion of mutation {unknown}
 i - 2 potions of attraction
 m - a potion of magic {unknown}
 o - a potion of flight {unknown}


   Skills:
 + Level 4.3 Fighting
 + Level 4.4 Long Blades
 + Level 5.2 Armour
 + Level 0.6 Dodging
 + Level 0.1 Stealth
 + Level 4.3 Shields


You had 4 spell levels left.
You didn't know any spells.
Your spell library contained the following spells:

 Spells                   Type           Power      Damage    Failure   Level
 Animate Skeleton         Necr           0%         N/A       88%         1
 Apportation              Tloc           0%         N/A       88%         1
 Summon Small Mammal      Summ           0%         N/A       88%         1
 Corpse Rot               Necr/Air       0%         N/A       96%         2
 Poisonous Vapours        Pois/Air       0%         N/A       96%         2


Dungeon Overview and Level Annotations

Branches:
Dungeon (4/15)
 Temple: D:4-7

Altars:

Annotations:
D:4 Edmund


Innate Abilities, Weirdness & Mutations

You have a pair of horns on your head.
You reflexively headbutt those who attack you in melee.


Message History

Edmund is lightly wounded.
Edmund hits you with a +4 dire flail of protection.
You hit Edmund but do no damage.
Edmund is lightly wounded.
The quokka skeleton barely misses you.
Edmund hits you with a +4 dire flail of protection.
You hit Edmund.
Edmund is lightly wounded.
You block the quokka skeleton's attack. Edmund closely misses you.
The quokka skeleton bites you but does no damage.
You slash Edmund! You headbutt Edmund, but do no damage.
Edmund is moderately wounded.
Edmund hits you with a +4 dire flail of protection.
You block the quokka skeleton's attack.
You closely miss Edmund.
Edmund is moderately wounded.
Edmund hits you with a +4 dire flail of protection.
The quokka skeleton barely misses you. You furiously retaliate!
You headbutt the quokka skeleton!
You destroy the quokka skeleton!
You closely miss Edmund.
Edmund is moderately wounded.
Edmund hits you with a +4 dire flail of protection!
Edmund says, "A flail is better than a scythe, any day of the week!"
You block Edmund's attack.
You hit Edmund but do no damage. You headbutt Edmund.
Edmund is moderately wounded.
Edmund hits you with a +4 dire flail of protection!
* * * LOW HITPOINT WARNING * * *
You hit Edmund but do no damage. You headbutt Edmund.
Edmund is heavily wounded.
You block Edmund's attack.
You hit Edmund but do no damage.
Edmund is heavily wounded.
Edmund hits you with a +4 dire flail of protection.
* * * LOW HITPOINT WARNING * * *
You slash the plant!
The plant begins to die.
You headbutt the plant!
The plant is lightly damaged.
Edmund hits you with a +4 dire flail of protection!
You die...

.## ##### .# ###...##
## .. ##......# # #.
.......## # #..
.......## #
#..##++#P#.....#
#......#.....#
#....P.......##
#...@@P#......#
#....P.#......#
.......P.P.#......#
.......#.P....#......#
.......P#######......#
.....................#
.....<.....##.#......#
#
...........##..#.....#
##
#..........#...†.....#


You could see Edmund.

Vanquished Creatures
  A hound (D:4)
  A hound skeleton (D:4)
  6 adders
  3 worms
  2 dart slugs
  An orc (D:3)
  10 bats
  8 endoplasms
  2 giant cockroaches (D:3)
  10 goblins
  7 hobgoblins
  3 jackals (D:2)
  4 quokkas
  4 ball pythons
  A ball python zombie (D:3)
  2 frilled lizards
  5 kobolds
  A quokka skeleton (D:4)
  10 rats
81 creatures vanquished.

Vanquished Creatures (others)
  A plant (D:4)
1 creature vanquished.

Grand Total: 82 creatures vanquished

Notes
Turn   | Place    | Note
-------+----------+-------------------------------------------
     0 | D:1      | boopmooplesden the Minotaur Fighter began the quest for the
                  | Orb.
     0 | D:1      | Reached XP level 1. HP: 19/19 MP: 0/0
   189 | D:1      | Reached XP level 2. HP: 22/27 MP: 1/1
   487 | D:1      | Reached skill level 4 in Armour
   815 | D:2      | Reached XP level 3. HP: 29/33 MP: 2/2
  1237 | D:2      | Found a faded altar of an unknown god.
  1573 | D:2      | Reached XP level 4. HP: 40/40 MP: 3/3
  2360 | D:3      | Reached skill level 5 in Armour
  2581 | D:4      | Reached XP level 5. HP: 20/46 MP: 4/4
  3037 | D:4      | Noticed Edmund
  3054 | D:4      | Slain by Edmund

Illustrated notes

Levels and vault maps discovered:
D:1:      dpeg_arrival_prison, layout_rooms
D:2:      layout_rooms, serial_glass, glass_columns_b, glass_columns_a,
          glass_columns_a, glass_columns_b, chequers_ecumenical_altar_grove,
          kennysheep_nub, grunt_ministairs_4
D:3:      kennysheep_the_goblin_king, layout_basic,
          chequers_serial_rivers_large_b, grunt_decor_fettered, st_stairs_1,
          minmay_quadrilaterals
D:4:      cheibrodos_old_hovel, layout_cave_pods, serial_shops,
          kennysheep_little_box, kennysheep_generic_room_12, uniq_natasha,
          uniq_edmund

Skill      XL: |  1  2  3  4 |
---------------+-------------+-----
Fighting       | 4 |  4.3
Armour         | 4 5 |  5.2
Shields        | 4 |  4.3
Long Blades    | 3 4 |  4.4
Dodging        | |  0.6
Stealth        | |  0.1

Action                   |  1- 3 |  4- 6 || total
-------------------------+-------+-------++-------
Melee: Long sword        |    76 |    87 ||   163
       Headbutt          |    10 |    17 ||    27
  Use: Scroll            |     3 |     3 ||     6
Armor: Scale mail        |    40 |    31 ||    71
Dodge: Dodged            |    59 |    33 ||    92
Block: Buckler           |    24 |    23 ||    47
